AoeStats
← LM | TornardoBriese

Arabia

505451400Analyzed
1v1 RM · 23d ago on Sep 9, 2026· 87m 3s· 2 players
Game mode
Random Map
Map size
Tiny (2 player)
Population
200
Speed
Normal
Resources
Standard
Victory
Conquest
Starting age
Dark Age
Ending age
Imperial Age
RankedLock teamsTeams togetherTeam positionsShared explorationLock speedFull tech treeHidden civsTurbo modeCheats
Victory
Defeat
1210
+17
🇨🇭 Ethiopians · Switzerland
1229
-17
camposfernandezmiguel
6:05 Loom
9:07 Feudal Age
9:38 Double-Bit Axe
11:58 Horse Collar
12:21 Town Watch
15:30 Wheelbarrow
18:37 Gold Mining
22:39 Castle Age
23:00 Fletching
22:44 Elite Skirmisher
24:13 Gold Shaft Mining
24:52 Bow Saw
25:05 Bodkin Arrow
24:49 Pikeman
27:26 Padded Archer Armor
31:51 Bloodlines
31:59 Stone Mining
33:14 Heavy Plow
33:41 Husbandry
37:26 Ballistics
41:36 Imperial Age
38:50 Light Cavalry
39:37 Scale Barding Armor
40:40 Thumb Ring
40:44 Squires
42:43 Conscription
42:34 Bracer
44:59 Parthian Tactics
48:29 Forging
48:23 Gambesons
50:39 Chemistry
50:25 Chain Barding Armor
50:41 Iron Casting
51:04 Leather Archer Armor
52:57 Hand Cart
55:59 Ring Archer Armor
56:21 Town Patrol
59:16 Scale Mail Armor
63:36 Capped Ram
69:17 Blast Furnace
73:52 Chain Mail Armor
74:58 Halberdier
76:54 Two-Man Saw
81:17 Heavy Cavalry Archer
82:49 Plate Mail Armor
84:15 Hoardings
83:55 Masonry
83:51 Siege Engineers
85:20 Man-at-Arms
85:46 Arson
87:38 Kataparuto
86:47 Long Swordsman
LM | TornardoBriese
6:41 Loom
9:17 Feudal Age
9:53 Double-Bit Axe
12:39 Fletching
17:34 Wheelbarrow
18:31 Scale Barding Armor
18:37 Forging
21:55 Castle Age
20:14 Horse Collar
20:27 Gold Mining
22:45 Husbandry
23:06 Chain Barding Armor
23:14 Bow Saw
25:55 Town Watch
29:57 Padded Archer Armor
31:07 Elite Skirmisher
38:13 Imperial Age
36:47 Hand Cart
37:14 Ballistics
39:11 Thumb Ring
39:03 Bodkin Arrow
40:26 Chemistry
39:47 Heavy Plow
40:30 Leather Archer Armor
40:30 Stone Mining
41:09 Bracer
40:56 Cavalier
42:25 Ring Archer Armor
42:55 Conscription
44:17 Crossbowman
45:35 Iron Casting
44:54 Arbalester
47:50 Blast Furnace
47:22 Light Cavalry
49:24 Heavy Cavalry Archer
49:34 Hussar
62:50 Two-Man Saw
Connection lost

Rejoining the realm…

Still unreachable

The connection could not be restored.

Session expired

The server has moved on; the page needs a fresh start.